 Dungeon Crawl Stone Soup version 0.14-a0-1546-g4b4961f (webtiles) character file.

246 Jenx the Digger (level 5, -2/28 HPs)
             Began as a Gargoyle Earth Elementalist on Dec 19, 2013.
             Shot with an arrow by a centaur (10 damage)
             ... on Level 3 of the Dungeon.
             The game lasted 00:15:08 (2751 turns).

Jenx the Digger (Gargoyle Earth Elementalist)       Turns: 2751, Time: 00:15:08

HP  -2/28        AC  7     Str 11      XL: 5   Next: 10%
MP   0/9         EV 12     Int 17      God:
Gold 120         SH  0     Dex 10      Spells:  2 memorised,  4 levels left

rFire  . . .     SeeInvis .     a - +0 mace
rCold  . . .     Clarity  .     m - +0 robe
rNeg   + . .     Conserve .     (no shield)
rPois  +         rCorr    .     (no helmet)
rElec  +         rRot     +     p - +0 cloak
SustAb . .       Spirit   .     (no gloves)
rMut   .         Warding  .     (no boots)
Saprov . . .     Stasis   .     (no amulet)
                                (no ring)
                                (no ring)

@: very slightly contaminated, slightly resistant to hostile enchantments,
fairly stealthy
A: life protection 1, electricity resistance, unbreathing, petrification
resistance, AC +4
a: no special abilities


You were on level 3 of the Dungeon.
You were not hungry.

You visited 1 branch of the dungeon, and saw 3 of its levels.

You collected 120 gold pieces.

Inventory:

Hand weapons
 a - a +0,+0 mace (weapon)
Missiles
 j - 37 darts (quivered)
Armour
 m - a +0 robe (worn)
 p - a +0 cloak (worn)
Comestibles
 i - a meat ration
 t - a rotting chunk of goblin flesh
 x - 2 bread rations
 z - a rotting chunk of hobgoblin flesh
 A - 2 chunks of goblin flesh
 B - a chunk of rat flesh
 C - a chunk of bat flesh
Scrolls
 e - 3 scrolls of curse jewellery {unknown}
 h - a scroll of curse armour {unknown}
 k - a scroll of enchant weapon II {unknown}
 q - 3 scrolls of enchant weapon I {unknown}
 v - a scroll of teleportation {unknown}
 w - a scroll of identify {unknown}
 y - a scroll of amnesia {unknown}
Potions
 b - a potion of agility {unknown}
 c - a potion of heal wounds {unknown}
 f - a potion of brilliance {unknown}
 g - a potion of porridge
 l - a potion of curing
 n - 2 potions of restore abilities {unknown}
 o - a potion of paralysis {unknown}
 r - a potion of resistance {unknown}
 s - 2 potions of poison {unknown}
 u - a potion of speed {unknown}
Books
 d - a book of Geomancy

   Spells                             Type                      Level
   *Sandblast                         Earth                        1
   Stoneskin                          Transmutation/Earth          2
   Passwall                           Transmutation/Earth          3
   *Stone Arrow                       Conjuration/Earth            3
   Petrify                            Transmutation/Earth          4
   Lee's Rapid Deconstruction         Earth                        5


   Skills:
 - Level 1.5 Dodging
 - Level 2.1 Stealth
 - Level 2.0 Spellcasting
   Level 0.7 Transmutations
 * Level 6.8 Earth Magic


You had 4 spell levels left.
You knew the following spells:

 Your Spells              Type           Power        Failure   Level  Hunger
a - Sandblast             Erth           ###...       1%          1    #......
b - Stone Arrow           Conj/Erth      ##....       17%         3    ####...


Dungeon Overview and Level Annotations

Branches:
Dungeon (3/16)

Altars:
Ashenzari
Kikubaaqudgha
Nemelex Xobeh
Okawaru


Innate Abilities, Weirdness & Mutations

You are resistant to torment.
You are immune to poison.
Your stone body is very resilient (AC +4).
You resist negative energy.
You are resistant to electric shocks.
You can survive without breathing.
You are immune to petrification.


Message History

Casting: Stone Arrow
Confirm with . or Enter, or press ? or * to list all spells.
Aiming: Stone Arrow
Press: ? - help, Shift-Dir - straight line, f/p - centaur
Aim: a centaur, wielding a bow (moderately wounded)
You miscast Stone Arrow.
You are very lightly contaminated with residual magic.
Nothing appears to happen.
The centaur shoots an arrow.
The arrow misses you.
The kobold throws a dart.
The dart hits you!
The centaur shoots an arrow.
The arrow misses you.
A goblin comes into view.
Casting: Stone Arrow
Confirm with . or Enter, or press ? or * to list all spells.
Aiming: Stone Arrow
Press: ? - help, Shift-Dir - straight line, f/p - centaur
Aim: a centaur, wielding a bow (moderately wounded)
The stone arrow hits the centaur.
The centaur is heavily wounded.
The centaur shoots an arrow.
The arrow hits you!
You die...

........#...#..# #...###.#
#..... ######..##.##.## ##..#
#.###..... #...#.#..# c#..#
#...#..... #...###.## ..##.#
#...#..... ##...#..# ....#.#
#......... #...#..#.....#.#
#.#....... ##............ #
#.....)... ####.##.#######g.#
###...####
.......$..K((@....#####...####
####....######...c.......'...
#....# #..######...#### #....#
# # #...# #....# ########
#....# #... #..... #... ###..
#... . #...


You could see a centaur, a goblin and a kobold.

Vanquished Creatures
  Ijyb (D:3)
  Terence (D:2)
  2 adders (D:2)
  A worm (D:2)
  A giant gecko (D:3)
  An ooze (D:3)
  An orc (D:3)
  8 bats
  2 giant cockroaches (D:1)
  11 goblins
  12 hobgoblins
  A ball python (D:1)
  6 giant newts
  2 jackals (D:1)
  11 kobolds
  12 rats
73 creatures vanquished.

Vanquished Creatures (others)
  A rat (D:3)
1 creature vanquished.

Grand Total: 74 creatures vanquished

Notes
Turn   | Place    | Note
--------------------------------------------------------------
     0 | D:1      | Jenx, the Gargoyle Earth Elementalist, began the quest for the Orb.
     0 | D:1      | Reached XP level 1. HP: 10/10 MP: 3/3
    77 | D:1      | Reached skill level 4 in Earth Magic
   130 | D:1      | Reached XP level 2. HP: 15/15 MP: 2/4
   708 | D:1      | Reached XP level 3. HP: 16/19 MP: 6/6
   710 | D:1      | Reached skill level 5 in Earth Magic
   761 | D:1      | Learned a level 3 spell: Stone Arrow
  1250 | D:2      | Reached XP level 4. HP: 24/24 MP: 1/7
  1440 | D:2      | Noticed Terence
  1484 | D:2      | Found an iron altar of Okawaru.
  1531 | D:2      | Found a shattered altar of Ashenzari.
  1532 | D:2      | Found a sparkling altar of Nemelex Xobeh.
  1542 | D:2      | Found an ancient bone altar of Kikubaaqudgha.
  1681 | D:2      | Killed Terence
  1681 | D:2      | Reached skill level 6 in Earth Magic
  2583 | D:3      | Noticed Ijyb
  2599 | D:3      | Killed Ijyb
  2599 | D:3      | Reached XP level 5. HP: 22/28 MP: 2/9
  2732 | D:3      | Noticed a centaur
  2751 | D:3      | Shot with an arrow by a centaur

Action                   |  1- 3 |  4- 6 || total
-------------------------+-------+-------++-------
Melee: Unarmed           |    22 |     2 ||    24
       Mace              |       |    76 ||    76
       Whip              |       |    16 ||    16
Throw: Dart              |    60 |    44 ||   104
 Cast: Sandblast         |    48 |    19 ||    67
       Stone Arrow       |     4 |     7 ||    11
  Use: Potion            |       |     2 ||     2
 Stab: Sleeping          |       |     1 ||     1
